 Dungeon Crawl Stone Soup version 0.30-a0-672-gc3a7216ad8 (webtiles) character file.

Game seed: 14127473106969937929

383 wormed the Sneak (level 7, 0/42 HPs)
             Began as a Kobold Brigand on Jan 19, 2023.
             Splashed by a jelly's acid (10 damage)
             ... on level 5 of the Dungeon.
             The game lasted 00:03:11 (3074 turns).

wormed the Sneak (Kobold Brigand)                   Turns: 3074, Time: 00:03:12

Health: 0/42       AC: -3    Str:  8    XL:     7   Next: 5%
Magic:  7/7        EV: 16    Int: 23    God:
Gold:   64         SH:  0    Dex: 20    Spells: 6/6 levels left

rFire   . . .      SeeInvis .    a - +2 dagger
rCold   . . .      Faith    .    (no shield)
rNeg    + . .      Spirit   .    b - +0 robe
rPois   .          Reflect  .    (no helmet)
rElec   .          Harm     .    c - +0 cloak
rCorr   .          Rampage  .    o - +1 pair of gloves of Obrept {rN+ Int+4 Dex+2}
Will    .....                    (no boots)
Stlth   +++++                    l - amulet of magic regeneration
HPRegen 0.27/turn                n - +6 ring of intelligence
MPRegen 0.50/turn                (no ring)

@: corroded
A: small, no large weapons, nightstalker 3
a: no special abilities


You were on level 5 of the Dungeon.
You visited 1 branch of the dungeon, and saw 5 of its levels.

You collected 225 gold pieces.
You spent 161 gold pieces at shops.

Inventory:

Hand Weapons
 a - a +2 dagger (weapon)
Missiles
 d - 9 poisoned darts
 e - 4 curare-tipped darts (quivered)
Armour
 b - a +0 robe (worn)
 c - a +0 cloak (worn)
 o - the +1 pair of gloves of Obrept (worn) {rN+ Int+4 Dex+2}
   (You bought it in a shop on level 3 of the Dungeon)

   Int:       It affects your intelligence (+4).
   Dex:       It affects your dexterity (+2).
   rN:        It protects you from negative energy.
Jewellery
 l - an amulet of magic regeneration (around neck)
 n - a +6 ring of intelligence (left hand)
 p - a ring of flight
Wands
 m - a wand of digging (8)
Scrolls
 f - a scroll of enchant armour {unknown}
 g - 2 scrolls of fog {unknown}
 j - 3 scrolls of identify
 s - a scroll of teleportation {unknown}
 w - a scroll of acquirement {unknown}
 x - a scroll of blinking {unknown}
Potions
 h - 2 potions of degeneration
 k - 2 potions of mutation {unknown}
 q - a potion of cancellation {unknown}
 r - a potion of heal wounds {unknown}
 t - a potion of invisibility {unknown}
 u - a potion of brilliance {unknown}
 v - a potion of flight {unknown}


   Skills:
 + Level 3.8 Fighting
 * Level 6.2 Short Blades
 - Level 2.1 Throwing
 + Level 3.5 Dodging
 + Level 6.8 Stealth


You had 6 spell levels left.
You didn't know any spells.
Your spell library contained the following spells:

 Spells                   Type           Power      Damage    Failure   Level
 Tukima's Dance           Hex            0%         N/A       43%         3
 Passage of Golubria      Tloc           0%         N/A       83%         4
 Fireball                 Conj/Fire      0%         3d3       99%         5
 Iskenderun's Battlesphe  Conj           0%         2d6       99%         5
 Yara's Violent Unravell  Hex/Tmut       0%         3d3       99%         5
 Conjure Ball Lightning   Conj/Air       0%         3x3d6     100%        6
 Orb of Destruction       Conj           0%         9d5       100%        7


Dungeon Overview and Level Annotations

Branches:
Dungeon (5/15)
 Temple: D:4-7

Altars:
Ru
Sif Muna

Shops:
D:3 [


Innate Abilities, Weirdness & Mutations

You are small and have problems with some larger weapons.
You are completely attuned to the shadows.


Message History

You hit the jelly.
Your hands burn!
The jelly is heavily wounded.
You hit the jelly but do no damage.
Your hands burn!
The jelly is heavily wounded.
The jelly completely misses you.
Throw: 5 darts (curare)
Press: ? - help, Q - select action, (/) - cycle Shift-Dir - straight line, f - jelly
Aim: a jelly (heavily wounded, 90% to hit)
You throw a curare-tipped dart. The curare-tipped dart hits the jelly.
The jelly is heavily wounded.
The jelly closely misses you.
You hit the jelly but do no damage.
Your hands burn!
* * * LOW HITPOINT WARNING * * *
The jelly is heavily wounded.
The jelly barely misses you.
It was a potion of curing.
You feel better. The jelly closely misses you.
You hit the jelly but do no damage.
Your hands burn!
The jelly is heavily wounded.
You hit the jelly.
Your hands burn!
The jelly is severely wounded.
The jelly closely misses you.
You barely miss the jelly.
The jelly is severely wounded.
The jelly hits you.
You are splashed with acid!
* * * LOW HITPOINT WARNING * * *
You feel better. The jelly misses you.
You hit the jelly.
Your hands burn!
The jelly is severely wounded.
You hit the jelly but do no damage.
Your hands burn!
* * * LOW HITPOINT WARNING * * *
You punch the jelly.
The jelly is almost dead.
The jelly hits you.
* * * LOW HITPOINT WARNING * * *
You are splashed with acid!
* * * LOW HITPOINT WARNING * * *
You feel better. The jelly hits you.
* * * LOW HITPOINT WARNING * * *
The acid corrodes you!
You are splashed with acid!
You die...

###### #....#
#.##.########
#.##.......@#
######.#########.J...
#............†...#...
####.......#..##.#.##
...##.###..........
##.##.# ####).#...
#....# #..#...
###..#######.....
#.<.......†...g<.


You could see a jelly.

Vanquished Creatures
  A phantom (D:5)
  A scorpion (D:5)
  A hound (D:5)
  An orc priest (D:3)
  Natasha (D:2)
  5 adders
  4 gnolls
  A white imp (D:5)
  A worm (D:2)
  2 dart slugs
  8 orcs
  3 bats
  2 endoplasms (D:1)
  A giant cockroach (D:2)
  5 hobgoblins
  4 jackals (D:1)
  5 quokkas
  4 ball pythons
  8 goblins
  3 kobolds
  3 rats
64 creatures vanquished.

Notes
Turn   | Place    | Note
-------+----------+-------------------------------------------
     0 | D:1      | wormed the Kobold Brigand began the quest for the Orb.
     0 | D:1      | Reached XP level 1. HP: 12/12 MP: 1/1
    90 | D:1      | Reached XP level 2. HP: 18/18 MP: 2/2
   293 | D:1      | Reached XP level 3. HP: 22/22 MP: 3/3
   675 | D:2      | Noticed Natasha
   679 | D:2      | Killed Natasha
   680 | D:2      | Reached XP level 4. HP: 27/27 MP: 4/4
   704 | D:2      | Found a shimmering blue altar of Sif Muna.
  1158 | D:2      | Identified the +2 spear "Koduxidos" {vamp, rPois rCorr
                  | Str+3}
  1621 | D:3      | Found Urisey's Antique Armour Shop.
  1628 | D:3      | Bought a pair of dazzling gloves for 161 gold pieces
  1628 | D:3      | Identified the +1 pair of gloves of Obrept {rN+ Int+4
                  | Dex+2} (You bought it in a shop on level 3 of the Dungeon)
  1676 | D:3      | Reached XP level 5. HP: 32/32 MP: 5/5
  1976 | D:3      | Reached skill level 5 in Short Blades
  2496 | D:4      | Found a sacrificial altar of Ru.
  2663 | D:4      | Noticed a bullfrog
  2664 | D:4      | Noticed a bullfrog
  2869 | D:4      | Reached XP level 6. HP: 20/37 MP: 6/6
  2885 | D:5      | Entered Level 5 of the Dungeon
  2984 | D:5      | Reached XP level 7. HP: 42/42 MP: 7/7
  3074 | D:5      | Splashed by a jelly's acid

Illustrated notes

Levels and vault maps discovered:
D:1:      dpeg_arrival_more_subterranean_lakeside_camping, layout_rooms
D:2:      layout_basic, basic_altar, kennysheep_generic_room_12, uniq_natasha
D:3:      wander_river, layout_basic, serial_shops, shop, minmay_hedge_maze,
          serial_bayou_ford_a
D:4:      layout_loops_ring, mainiacjoe_overflow_24_doors, serial_bayou_pond_d,
          lightli_corner_chamber
D:5:      layout_rooms, yredelemnul_altar_generic, minmay_temple_entry_poolview,
          uniq_edmund, uniq_blork_the_orc

Skill      XL: |  1  2  3  4  5  6 |
---------------+-------------------+-----
Short Blades   | 3 4 5 6 |  6.2
Dodging        | 2 3 |  3.5
Fighting       | 3 |  3.8
Stealth        | 6 |  6.8
Throwing       | |  2.1

Action                   |  1- 3 |  4- 6 |  7- 9 || total
-------------------------+-------+-------+-------++-------
Melee: Dagger            |    58 |    85 |    29 ||   172
       Punch             |       |     3 |     1 ||     4
Throw: Dart              |       |     1 |     1 ||     2
  Use: Scroll            |     4 |       |       ||     4
       Potion            |       |       |     3 ||     3
 Stab: Sleeping          |    16 |    13 |       ||    29
       Distracted        |       |     1 |       ||     1
Armor: Robe              |     9 |    10 |     1 ||    20
Dodge: Dodged            |    47 |    60 |    19 ||   126

Table legend: (Time is in decaauts)
 A = Elapsed time spent in this place.
 B = Non-inter-level travel time spent in this place.
 C = Inter-level travel time spent in this place.
 D = Time resting spent in this place.
 E = Time spent auto-exploring this place.
 F = Levels seen in this place.
 G = Mean time per level.
                   A        B        C        D        E       F      G
               +--------+--------+--------+--------+--------+-----+--------+
         Total |   3082 |   2974 |    108 |      0 |   2512 |   5 |  616.4 |
       Dungeon |   3082 |   2974 |    108 |      0 |   2512 |   5 |  616.4 |
               +--------+--------+--------+--------+--------+-----+--------+

Top non-repeatable levels by time:
     D:3: 969 daAuts
     D:2: 939 daAuts
     D:1: 597 daAuts
     D:4: 397 daAuts
     D:5: 178 daAuts
